 Dungeon Crawl Stone Soup version 0.30-a0-305-g026cb31310 (webtiles) character file.

Game seed: 15995661842214392966

247 koil the Sneak (level 5, -2/27 HPs)
             Began as a Spriggan Brigand on Oct 23, 2022.
             Slain by a water moccasin (3 damage)
             ... on level 3 of the Dungeon.
             The game lasted 00:06:59 (1980 turns).

koil the Sneak (Spriggan Brigand)                   Turns: 1980, Time: 00:07:00

Health: -2/27      AC:  3    Str:  4 (7)  XL:     5   Next: 85%
Magic:  0/10       EV: 17    Int: 12 (15) God:
Gold:   96         SH:  0    Dex: 13 (16) Spells: 9/9 levels left

rFire   + . .      SeeInvis +    a - +2 dagger
rCold   + . .      Faith    .    (no shield)
rNeg    . . .      Spirit   +    d - +0 robe {Will+}
rPois   +          Reflect  .    (helmet restricted)
rElec   +          Harm     .    c - +0 cloak
rCorr   +          Rampage  .    (gloves unavailable)
Will    +....                    (boots unavailable)
Stlth   +++.......               s - amulet of guardian spirit
HPRegen 0.24/turn                (no ring)
MPRegen 0.12/turn                (no ring)

@: lethally poisoned (-2 -> -6), resistant, attractive, very quick
A: very small, no large weapons, unfitting armour, see invisible, speed 3
a: no special abilities


You were on level 3 of the Dungeon.
You visited 1 branch of the dungeon, and saw 4 of its levels.

You collected 96 gold pieces.

Inventory:

Hand Weapons
 a - a +2 dagger (weapon)
 e - a +1 whip of electrocution
Missiles
 o - 10 poisoned darts (quivered)
 v - a curare-tipped dart
Armour
 b - a +0 robe
 c - a +0 cloak (worn)
 d - a +0 robe of willpower (worn)
 f - a +0 cloak
 t - the +2 ring mail of the First Snow {Drain Str+4}
   (You found it on level 3 of the Dungeon)

   Str:       It affects your strength (+4).
   Drain:     It drains your maximum health when unequipped.
Jewellery
 s - an amulet of guardian spirit (around neck)
 w - an amulet of the acrobat
Scrolls
 h - 2 scrolls of identify {unknown}
 l - a scroll of torment {unknown}
 m - a scroll of vulnerability {unknown}
 n - 2 scrolls of fog {unknown}
 p - 2 scrolls of teleportation {unknown}
 q - a scroll of poison {unknown}
 u - a scroll of amnesia {unknown}
 x - a scroll of immolation {unknown}
Potions
 i - a potion of resistance
 j - a potion of degeneration
 r - a potion of invisibility {unknown}


   Skills:
 + Level 2.6 Fighting
 + Level 3.5 Short Blades
 - Level 2.0 Throwing
 + Level 3.6 Dodging
 + Level 7.2 Stealth
 + Level 2.8 Spellcasting


You had 9 spell levels left.
You didn't know any spells.
Your spell library contained the following spells:

 Spells                   Type           Power      Damage    Failure   Level
 Scorch                   Fire           2%         2d5       36%         2
 Ignite Poison            Fire/Tmut/Pois 1%         N/A       58%         3
 Summon Cactus Giant      Summ           0%         N/A       100%        6


Dungeon Overview and Level Annotations

Branches:
Dungeon (4/15)
 Temple: D:4-7

Altars:
Cheibriados
Nemelex Xobeh
Xom

Annotations:
D:3 Natasha


Innate Abilities, Weirdness & Mutations

You are very small and have problems with some larger weapons.
You are too small for most types of armour.
You have supernaturally acute eyesight. (SInv)
You cover ground extremely quickly. (Speed+++)


Message History

You are poisoned.
The water moccasin poisons you!
You closely miss the water moccasin.
The water moccasin is moderately wounded.
You feel sick.
The water moccasin completely misses you.
You hit the water moccasin.
The water moccasin is moderately wounded.
You feel sick. The water moccasin closely misses you.
You hit the water moccasin.
The water moccasin is moderately wounded.
You feel sick. The water moccasin closely misses you.
You closely miss the water moccasin.
The water moccasin is moderately wounded.
You feel sick. The water moccasin bites you!
You are lethally poisoned!
The water moccasin poisons you! The water moccasin bites you.
You barely miss the water moccasin.
The water moccasin is moderately wounded.
You feel sick. The water moccasin misses you.
* * * LOW HITPOINT WARNING * * *
You feel sick.
It was a potion of resistance.
You feel protected.
* * * LOW HITPOINT WARNING * * *
You feel sick. The water moccasin bites you.
* * * LOW HITPOINT WARNING * * *
The orc barely misses you.
It was a potion of degeneration.
There was something very wrong with that liquid.
You feel weakened.
You feel dopey.
You feel clumsy.
* * * LOW HITPOINT WARNING * * *
You feel sick.
The water moccasin bites you but does no damage.
The orc misses you.
It was a potion of attraction.
You feel attractive to monsters.
* * * LOW HITPOINT WARNING * * *
You feel sick. The water moccasin bites you!
You die...

........'...# #.#..#.#.#
......(.#######....#...#
.....#...##.......(.##.#
...#........###..##.##.#
............# #..#.....#
...#........###.....####
...#.........##....##
...#......#####..###
...'.......# #.@#
####.......# #oS#
...........# #.(#
...........####..#
...........##<#..#
...........##....#
######.....o.....#
#......####.# ###..###
#.#


You could see a water moccasin and an orc.

Vanquished Creatures
  Sigmund (D:2)
  Jessica (D:2)
  Natasha (D:3)
  An orc (D:3)
  4 ball pythons
  6 bats
  7 endoplasms
  A giant cockroach (D:2)
  6 hobgoblins
  2 jackals (D:3)
  3 kobolds
  3 quokkas
  A frilled lizard (D:2)
  2 goblins (D:3)
  3 rats
42 creatures vanquished.

Vanquished Creatures (others)
  A plant (D:3)
1 creature vanquished.

Grand Total: 43 creatures vanquished

Notes
Turn   | Place    | Note
-------+----------+-------------------------------------------
     0 | D:1      | koil the Spriggan Brigand began the quest for the Orb.
     0 | D:1      | Reached XP level 1. HP: 10/10 MP: 2/2
   106 | D:1      | Reached skill level 6 in Stealth
   109 | D:1      | Got Tewnemiwn's Discursus on the Heated Gathering
   118 | D:1      | You fall into a shaft and drop 1 floor!
   138 | D:2      | Reached XP level 2. HP: 15/15 MP: 3/3
   443 | D:2      | Reached skill level 1 in Spellcasting
   467 | D:2      | Noticed Jessica
   469 | D:2      | Killed Jessica
   470 | D:2      | Reached XP level 3. HP: 18/18 MP: 4/6
   498 | D:2      | Noticed Sigmund
   554 | D:2      | Killed Sigmund
   555 | D:2      | Reached skill level 7 in Stealth
   555 | D:2      | Reached XP level 4. HP: 23/23 MP: 6/8
   555 | D:2      | Reached XP level 5. HP: 27/27 MP: 6/9
   848 | D:3      | Noticed Natasha
   852 | D:3      | Killed Natasha
   966 | D:3      | Identified the +2 ring mail of the First Snow {Drain Str+4}
  1150 | D:3      | Noticed Natasha
  1359 | D:3      | Found a shimmering altar of Xom.
  1360 | D:3      | Found a sparkling altar of Nemelex Xobeh.
  1361 | D:3      | Found a snail-covered altar of Cheibriados.
  1767 | D:4      | Noticed a water moccasin
  1980 | D:3      | HP: 1/27 [poisoned by a water moccasin]
  1980 | D:3      | Slain by a water moccasin

Illustrated notes

Levels and vault maps discovered:
D:1:      saegor_arrival_under_anarchy, layout_basic, st_stairs_1,
          minmay_tripent
D:2:      layout_basic, uniq_jessica, uniq_sigmund
D:3:      layout_basic, gammafunk_temple_overflow_forgotten,
          minmay_randomly_rotated_circles, uniq_natasha
D:4:      layout_cave_pods, nicolae_uskayaw_suspiria, minitemple, serial_shops,
          kennysheep_little_box

Skill      XL: |  1  2  3 |
---------------+----------+-----
Stealth        | 6 7 |  7.2
Spellcasting   | 1 2 |  2.8
Dodging        | 2 3 |  3.6
Fighting       | 2 |  2.6
Short Blades   | 3 |  3.5
Throwing       | |  2.0

Action                   |  1- 3 |  4- 6 || total
-------------------------+-------+-------++-------
Melee: Dagger            |    42 |    53 ||    95
Throw: Dart              |    10 |    12 ||    22
  Use: Potion            |       |     4 ||     4
 Stab: Sleeping          |     6 |    11 ||    17
       Distracted        |       |     1 ||     1
Armor: Robe              |     6 |     9 ||    15
Dodge: Dodged            |    32 |    38 ||    70

Table legend: (Time is in decaauts)
 A = Elapsed time spent in this place.
 B = Non-inter-level travel time spent in this place.
 C = Inter-level travel time spent in this place.
 D = Time resting spent in this place.
 E = Time spent auto-exploring this place.
 F = Levels seen in this place.
 G = Mean time per level.
                   A        B        C        D        E       F      G
               +--------+--------+--------+--------+--------+-----+--------+
         Total |   1334 |   1304 |     30 |     91 |    818 |   4 |  333.5 |
       Dungeon |   1334 |   1304 |     30 |     91 |    818 |   4 |  333.5 |
               +--------+--------+--------+--------+--------+-----+--------+

Top non-repeatable levels by time:
     D:3: 670 daAuts
     D:2: 584 daAuts
     D:1: 75 daAuts
     D:4: 4 daAuts
